AoeStats
← Shals

Oasis

509479244Analyzed
2v2 RM · 6d ago on Sep 26, 2026· 35m 45s· 4 players
Game mode
Random Map
Map size
Medium (4 player)
Population
200
Speed
Normal
Resources
Standard
Victory
Conquest
Starting age
Dark Age
Ending age
Imperial Age
RankedLock teamsTeams togetherTeam positionsShared explorationLock speedFull tech treeHidden civsTurbo modeCheats
Victory
Defeat
🇲🇽 Celts · Mexico
945
+15
🇲🇽 Teutons · Mexico
908
+16
🇪🇸 Bohemians · Spain
930
-16
🇦🇷 Persians · Argentina
914
-15
mateakd2013
8:12 Loom
9:59 Feudal Age
14:59 Wheelbarrow
18:00 Castle Age
17:09 Bloodlines
19:49 Husbandry
zapata
9:07 Loom
11:17 Feudal Age
20:03 Horse Collar
28:28 Castle Age
29:03 Double-Bit Axe
31:30 Chemistry
30:58 Heavy Plow
nord 00
6:42 Loom
10:15 Feudal Age
11:49 Man-at-Arms
15:20 Arson
17:45 Horse Collar
22:04 Forging
21:54 Scale Mail Armor
23:41 Wheelbarrow
22:56 Double-Bit Axe
25:46 Castle Age
25:15 Fletching
27:46 Gambesons
28:49 Iron Casting
28:30 Chain Mail Armor
30:54 Pikeman
32:13 Bodkin Arrow
32:18 Padded Archer Armor
31:40 Elite Skirmisher
33:43 Heavy Plow
Shals
4:28 Loom
10:10 Feudal Age
10:41 Horse Collar
10:58 Double-Bit Axe
19:52 Town Watch
23:46 Castle Age
23:35 Wheelbarrow
22:53 Gold Mining
22:50 Arson
24:33 Gambesons
27:59 Stone Mining
Connection lost

Rejoining the realm…

Still unreachable

The connection could not be restored.

Session expired

The server has moved on; the page needs a fresh start.